 BcadrenCrawl: Boulder Brew version 0.04.2-15-ge27eb88979 (webtiles) character file.

Game seed: 13157769744512969664, levelgen mode: deterministic

7060 diana the Cleaver (level 11, -4/103 HPs) Hill Orc Gladiator. Began on May 15, 2021. Killed by a guardian mummy's death curse (32 damage) ... on level 5 of the Dungeon. The game lasted 00:12:46 (4927 turns).

diana the Cleaver (Hill Orc Gladiator)              Turns: 4927, Time: 00:12:47

Health: -4/103     AC: 10    Str: 21    XL:     11 ^: 8286
Magic:  12/12      EV: 12    Int:  8    God:
Gold:   256        SH:  5    Dex: 12    Spells: 10/10 levels left

rFire    + . .     Vision   .   h - +5 battleaxe
rCold    . . .     Gourm    .   (also wielding the above weapon)
rNeg     . . .     Faith    .   x - +2 ring mail {rF+}
rPois    .         Spirit   .   c - +0 helmet
rElec    .         Reflect  +   (no cloak)
rCorr    .         Harm     .   (no gloves)
MR       .....                  (no boots)
Stlth    +.........             e - amulet of reflection
HPRegen  0.44/turn              (no ring)
MPRegen  0.22/turn              (no ring)

@: no status effects
A: no striking features
a: no special abilities


You were on level 5 of the Dungeon.
You were not hungry.

You visited 2 branches of the dungeon, and saw 6 of its levels.

You collected 256 gold pieces.

Inventory:

Weapons
 a - a +0 war axe
 h - a +5 battleaxe (weapon)
 s - a +0 war axe
Armour
 c - a +0 helmet (worn)
 x - a +2 ring mail of fire resistance (worn)
Jewellery
 b - an uncursed ring of stealth
 e - an amulet of reflection (around neck)
Wands
 d - a wand of ensnaring (9)
 m - a wand of flame (25)
 A - a wand of iceblast (10)
 B - a wand of random effects (1)
Scrolls
 f - a scroll of blinking
 g - 2 scrolls of magic mapping
 k - 9 scrolls of teleportation
 l - 2 scrolls of bless item
 u - a scroll of fear
 v - a scroll of fog
 w - a scroll of summoning
 y - 2 scrolls of enchantment
Potions
 i - a potion of invisibility
 j - 2 potions of haste
 n - 2 potions of cure mutation
 o - 2 potions of agility
 p - 2 potions of berserk rage
 q - 2 potions of heal wounds
 t - a potion of curing
 z - a potion of resistance
 C - 2 potions of ambrosia
Comestibles
 r - 5 rations


   Skills:
 + Level 11.6 Fighting
 + Level 12.8 Axes & Hammers
 + Level 10.5 Armour
 - Level 2.4 Dodging
 - Level 2.0 Evocations


You had 10 spell levels left.
You didn't know any spells.
Your spell library was empty.

Dungeon Overview and Level Annotations

Branches:
Dungeon (5/8)              Temple (1/1) D:4            Lair (0/6) D:5

Altars:
Ashenzari
Beogh
Cheibriados
Dithmenos
Elyvilon
Fedhas Madash
Gozag Ym Sagoz
Kikubaaqudgha
Makhleb
Nemelex Xobeh
Qazlal
Sif Muna
Trog
Vehumet
Wu Jian
Xom
Yredelemnul
Zin

Shops:
D:2 *   D:4 (:

Portals:
Trove: D:5 (give +4 storm dragon scales)


Message History

You cut the guardian mummy into ribbons (47)!!!
You destroy the guardian mummy!
You feel extremely nervous for a moment...
Your bones ache.
There is a stone staircase leading up here.
Found an escape hatch in the ceiling.
You hear the faint crackling of a very distant melting archway.
There is a stone staircase leading up here.
There are no items here.
There is a stone staircase leading up here.
You slice the guardian mummy (20)!!
The guardian mummy is heavily damaged. (23/43) HP The guardian mummy hits you with a cursed +4 halberd of chopping {(Curse: Fragile rF- rC-)} (35)!!
* * * LOW HITPOINT WARNING * * *
x2 You are too injured to fight recklessly!
You slice the guardian mummy (23)!!
You destroy the guardian mummy!
You feel extremely nervous for a moment...
You convulse helplessly as pain tears through your body!
You die...

#$.8.8.$#**##**,,,,,,,,,,,
#$.....$#........,,,,,,,,,
#$.8.8.$#........,,,,,,,,,
*#.....##........,,,,,,,,,
*#..)##.....<..,,,,,,,**,
*#)##..)!...#,,,,,,,,,*,
#..........#,,,,,,,,,,,
#..........#,,,,,,,,,,,
###.....@....#****,...P.P
#....####†#### *.P..♣P.
#.....M<..# *#......
#...)###### #....P♣
#...)..######## #.....P
#....#.....†..## ##.#..P.
#....########..###.......
###### ##.......####
#####.......


There were no monsters in sight!

Vanquished Creatures
  Harold (D:4)
  Joseph (D:4)
  Psyche (D:4)
  4 wraiths (D:3)
  A steam dragon (D:5)
  6 yaks (D:5)
  3 guardian mummies
  A vampire mosquito (D:5)
  A slime creature (D:2)
  2 phantoms (D:3)
  3 water moccasins
  An orc warrior (D:5)
  3 porcupines (D:5)
  A sky beast (D:4)
  2 ogres
  4 crocodiles
  5 big kobolds
  3 bullfrogs
  4 wights (D:4)
  3 orc priests
  3 hounds
  4 jellies
  2 worker ants
  8 giant cockroaches
  A bullfrog zombie (D:4)
  5 adders
  7 gnolls (D:4)
  49 sewer rats (D:2)
  13 cinder newts
  5 worms (D:2)
  4 oozes (D:2)
  5 leopard geckos
  7 orcs
  2 adder skeletons (D:2)
  6 bats
  A cinder newt skeleton (D:2)
  3 goblins (D:1)
  3 hobgoblins (D:1)
  3 jackals (D:2)
  19 kobolds
  4 ball pythons
  A ball python skeleton (D:2)
  A kobold skeleton (D:2)
  An orc skeleton (D:2)
  A quokka skeleton (D:3)
  5 rats
  A rat skeleton (D:2)
  2 withered plants (D:2)
216 creatures vanquished.

Vanquished Creatures (others)
  4 sewer rats (D:2)
  A leopard gecko (D:2)
  A ball python (D:2)
  2 kobolds (D:2)
  A bush (D:5)
  A giant blowfly (D:2)
  A plant (D:5)
  2 slimeheads (D:2)
  63 withered plants (D:2)
76 creatures vanquished.

Grand Total: 292 creatures vanquished

Notes
Turn   | Place    | Note
-------+----------+-------------------------------------------
     0 | D:1      | diana the Hill Orc Gladiator began the quest for the Orb.
     0 | D:1      | Reached XP level 1. HP: 18/18 MP: 2/2
    87 | D:1      | Reached skill level 1 in Armour
    87 | D:1      | Reached XP level 2. HP: 26/26 MP: 3/3
   106 | D:1      | Reached XP level 3. HP: 31/31 MP: 4/4
   135 | D:1      | Reached XP level 4. HP: 38/38 MP: 5/5
   264 | D:1      | Reached skill level 5 in Axes & Hammers
   528 | D:2      | Reached XP level 5. HP: 45/46 MP: 6/6
   544 | D:2      | Reached XP level 6. HP: 41/53 MP: 7/7
   645 | D:2      | Found Seishra's Lightly-Used Armoury.
   652 | D:2      | Reached skill level 6 in Axes & Hammers
   708 | D:2      | Reached skill level 5 in Fighting
   868 | D:2      | Noticed a water moccasin
   869 | D:2      | Reached XP level 7. HP: 61/61 MP: 8/8
   878 | D:2      | Reached skill level 7 in Axes & Hammers
   888 | D:2      | HP: 3/62 [poisoned by a water moccasin]
   893 | D:2      | HP: 2/62 [poisoned by a water moccasin]
   898 | D:2      | HP: 1/62 [poisoned by a water moccasin]
   905 | D:2      | HP: 1/62 [poisoned by a water moccasin]
   913 | D:2      | HP: 2/62 [poisoned by a water moccasin]
  1310 | D:2      | Reached skill level 5 in Armour
  1331 | D:2      | Reached XP level 8. HP: 53/71 MP: 9/9
  1365 | D:2      | Reached skill level 8 in Axes & Hammers
  1516 | D:2      | Found a white marble altar of Elyvilon.
  1947 | D:2      | Found a roughly hewn altar of Beogh.
  2157 | D:2      | Reached skill level 9 in Axes & Hammers
  2381 | D:3      | Reached XP level 9. HP: 68/81 MP: 10/10
  2590 | D:3      | Found a shimmering blue altar of Sif Muna.
  3337 | D:4      | Noticed Psyche
  3346 | D:4      | Killed Psyche
  3346 | D:4      | Reached skill level 10 in Axes & Hammers
  3350 | D:4      | Found Zuosmaem's Antique Weapon Emporium.
  3360 | D:4      | Found Deyquuvy's Book Shop.
  3361 | D:4      | Noticed Joseph
  3369 | D:4      | Killed Joseph
  3371 | D:4      | Identified the cursed ring of the Thoughtful Friends {Fire
                  | Str+3 Int+4 Stlth-, (Curse: Fragile)}
  3371 | D:4      | Noticed Harold
  3575 | D:4      | Identified the cursed +10 glaive "Kuefos" {vamp, +Blink,
                  | (Curse: MR-)}
  3775 | D:4      | Killed Harold
  3775 | D:4      | Reached skill level 10 in Fighting
  3775 | D:4      | Reached skill level 11 in Axes & Hammers
  3775 | D:4      | Reached XP level 10. HP: 81/93 MP: 11/11
  4015 | D:4      | Found a staircase to the Ecumenical Temple.
  4095 | Temple   | Entered the Ecumenical Temple
  4664 | D:3      | Found a snail-covered altar of Cheibriados.
  4729 | D:3      | Found a basalt altar of Yredelemnul.
  4729 | D:3      | Found a bloodstained altar of Trog.
  4733 | D:3      | Found a shattered altar of Ashenzari.
  4800 | D:5      | Entered Level 5 of the Dungeon
  4817 | D:5      | Reached skill level 12 in Axes & Hammers
  4821 | D:5      | Reached skill level 10 in Armour
  4867 | D:5      | Reached XP level 11. HP: 75/102 MP: 12/12
  4881 | D:5      | Found a portal to a secret trove of treasure.
  4927 | D:5      | Killed by a guardian mummy's death curse

Levels and vault maps discovered:
D:1:      eino_arrival_cavern_e, layout_rooms, chequers_arboretum, hex_large,
          chequers_avenue
D:2:      layout_sewer, kennysheep_little_box, elyvilon_niche,
          minmay_shop_damaged, chequers_serial_rivers_micro_e
D:3:      layout_twisted_cavern, led_sif_pool, minitemple, first_ration,
          miniossuary_due_ghosttown
D:4:      layout_basic, minmay_temple_entry_statues_pillars, serial_shops, shop,
          shop, uniq_joseph, uniq_psyche, uniq_harold
D:5:      layout_rooms, eat_drink_and_be_merry_uskayaw,
          okawaru_altar_gauntlet_db, minmay_lair_entry_grove,
          portal_ice_cave_entry_pillars_2, nicolae_trove_entry_path_of_doom
Temple:   minmay_temple_bridge_abc

Skill      XL: |  1  2  3  4  5  6  7  8  9 10 |
---------------+-------------------------------+-----
Fighting       | 3 4 5 6 8 10 11 | 11.6
Armour         | 1 2 3 4 5 6 8 10 | 10.5
Axes & Hammers | 5 6 7 9 11 12 | 12.8
Dodging        | |  2.4
Evocations     | |  2.0

Action                   |  1- 3 |  4- 6 |  7- 9 | 10-12 || total
-------------------------+-------+-------+-------+-------++-------
Melee: War axe           |    18 |    70 |   213 |       ||   301
       Unarmed           |     9 |    29 |   120 |       ||   158
       Battleaxe         |       |       |     7 |    53 ||    60
Evoke: Wand              |       |       |     2 |       ||     2
  Use: Potion            |       |       |     2 |       ||     2
       Scroll            |       |       |       |     1 ||     1
 Stab: Sleeping          |       |       |     1 |       ||     1
  Eat: Ration            |       |       |     3 |     1 ||     4
       Chunk             |       |       |     1 |     1 ||     2
Armor: Leather armour    |     2 |    11 |    37 |       ||    50
       Ring mail         |       |       |     1 |    17 ||    18
Dodge: Dodged            |    11 |    57 |   102 |    14 ||   184
Block: Other             |     4 |    11 |    42 |     8 ||    65
       Reflection        |       |       |     6 |       ||     6
